 Dungeon Crawl Stone Soup version 0.18-a0-1267-gff090c1 (webtiles) character file.

247 4thArraOfDagon the Insei (level 5, -3/38 HPs)
             Began as a Draconian Air Elementalist on Feb 6, 2016.
             Slain by an iguana (15 damage)
             ... on level 5 of the Dungeon.
             The game lasted 00:06:53 (1196 turns).

4thArraOfDagon the Insei (DrAE)                     Turns: 1196, Time: 00:06:53

Health: -3/38      AC:  5    Str: 11    XL:     5   Next: 85%
Magic:  0/8        EV: 12    Int: 16    God:
Gold:   106        SH:  0    Dex: 11    Spells: 3 memorised, 3 levels left

rFire  . . .     SeeInvis .       - Unarmed
rCold  . . .     Gourm    .     (armour unavailable)
rNeg   . . .     Faith    .     (no shield)
rPois  +         Spirit   .     (helmet restricted)
rElec  .         Dismiss  .     (no cloak)
rCorr  .         Reflect  .     (no gloves)
SustAt .         Harm     .     (no boots)
MR     .....                    (no amulet)
Stlth  ++........               (no ring)
                                k - ring of poison resistance

@: repel missiles, not resistant to hostile enchantments, unstealthy
A: unfitting armour, cold-blooded, AC +5
a: no special abilities


You were on level 5 of the Dungeon.
You were not hungry.

You visited 1 branch of the dungeon, and saw 5 of its levels.

You collected 106 gold pieces.

Inventory:

Jewellery
 k - a ring of poison resistance (left hand)
 n - an uncursed ring of ice
Scrolls
 c - 2 scrolls of noise
 d - 3 scrolls of remove curse {unknown}
 f - 3 scrolls of teleportation {unknown}
 h - 2 scrolls of enchant armour {unknown}
 i - a scroll of random uselessness {unknown}
 j - a scroll of magic mapping {unknown}
 l - 2 scrolls of identify {unknown}
 o - a scroll of fear {unknown}
 q - a scroll of blinking {unknown}
 s - a scroll of recharging {unknown}
Potions
 e - a potion of might
 r - a potion of curing {unknown}
Books
 a - a book of Air

   Spells                             Type                      Level
   a - Shock                          Conjuration/Air              1
   b - Swiftness                      Charms/Air                   2
   c - Repel Missiles                 Charms/Air                   2
   d - Static Discharge               Conjuration/Air              3
   e - Lightning Bolt                 Conjuration/Air              5
Comestibles
 b - 2 bread rations
 g - a slice of pizza
 m - 2 beef jerkies


   Skills:
 - Level 1.7 Dodging
 - Level 1.7 Stealth
 * Level 4.8 Unarmed Combat
 - Level 2.0 Spellcasting
 - Level 2.2 Conjurations
 - Level 3.7 Air Magic


You had 3 spell levels left.
You knew the following spells:

 Your Spells              Type           Power        Failure   Level  Hunger
a - Shock                 Conj/Air       ##..         10%         1    #......
b - Repel Missiles        Chrm/Air       #.....       17%         2    ###....
c - Swiftness             Chrm/Air       #.......     17%         2    ###....


Dungeon Overview and Level Annotations

Branches:
Dungeon (5/15)
 Temple: D:4-7

Altars:
Elyvilon

Annotations:
D:4 Purgy


Innate Abilities, Weirdness & Mutations

Your plain brown scales are hard (AC +5).
Your body does not fit into most forms of armour.
You are cold-blooded and may be slowed by cold attacks.


Message History

The iguana is almost dead.
The iguana barely misses you.
Casting: Shock
Confirm with . or Enter, or press ? or * to list all spells.
Aiming: Shock
Press: ? - help, Shift-Dir - straight line The zap hits the iguana.
The iguana appears unharmed.
The iguana is almost dead.
The zap misses the iguana.
The iguana bites you!
* * * LOW HITPOINT WARNING * * *
Casting: Shock
Confirm with . or Enter, or press ? or * to list all spells.
Aiming: Shock
Press: ? - help, Shift-Dir - straight line The zap hits the iguana.
The iguana appears unharmed.
The iguana is almost dead.
The zap hits the iguana.
The iguana is almost dead.
The iguana bites you!
You die...

######## ###.# ...l..'...#
#..(...# #...# #...# #......#
## #...# #...# #......#
#<##...# #l..# #......#
#......###### #...# #......#
#....'....####...# #......#
###....#......##...' #..#####
#.#.##.##.....##)..#
#..#########.#@##.##....l.#...#
#............#.l..####........#
#.....######.####.#############
#.....# #.####...# #.....#
#......#.# #.....# ########.#
#.....########## #
#............#<#
#..........#.#.#


You could see an iguana.

Vanquished Creatures
  A scorpion (D:4)
  A hound (D:4)
  A jelly (D:5)
  An iguana (D:4)
  6 adders
  2 oozes
  2 giant geckos
  2 orcs (D:5)
  2 bats
  4 giant cockroaches
  4 goblins
  7 hobgoblins
  6 kobolds
  2 giant gecko skeletons
  A giant newt (D:1)
  A quokka zombie (D:5)
  3 rats (D:2)
46 creatures vanquished.

Notes
Turn   | Place    | Note
--------------------------------------------------------------
     0 | D:1      | 4thArraOfDagon the Draconian Air Elementalist began the quest for the Orb.
     0 | D:1      | Reached XP level 1. HP: 14/14 MP: 3/3
    71 | D:1      | Reached XP level 2. HP: 17/20 MP: 0/5
   298 | D:2      | Found a faded altar to an unknown god.
   308 | D:2      | Reached XP level 3. HP: 26/26 MP: 3/6
   373 | D:2      | Reached skill level 1 in Unarmed Combat
   418 | D:2      | Found a white marble altar of Elyvilon.
   461 | D:2      | Learned a level 2 spell: Repel Missiles
   464 | D:2      | Learned a level 2 spell: Swiftness
   734 | D:3      | Reached XP level 4. HP: 30/33 MP: 2/7
   851 | D:4      | Reached XP level 5. HP: 34/38 MP: 3/8
   889 | D:4      | Reached skill level 4 in Unarmed Combat
   995 | D:4      | Noticed Purgy
  1022 | D:5      | Entered Level 5 of the Dungeon
  1196 | D:5      | Slain by an iguana

Vault maps used:
D:1:      dpeg_arrival_tiny_c, minmay_misc_feat_ornament,
          minmay_misc_feat_columns
D:2:      okawaru_altar_gauntlet_db, nicolae_overflow_crystal_walls,
          ecumenical_altar_2
D:3:      grunt_ministairs_13, roderic_batcave
D:4:      cheibriados_altar_1, nicolae_gozag_seed_capital, portal_sewer_entry_d,
          first_bread, minmay_misc_feat_x, uniq_sigmund, uniq_purgy
D:5:      minmay_opposing_rooms, kennysheep_mini, lemuel_blue_sif_altar,
          minmay_temple_entry_fiery, nicolae_dithmenos_through_a_glass_darkly

Action                   |  1- 3 |  4- 6 || total
-------------------------+-------+-------++-------
Melee: Unarmed           |    59 |    41 ||   100
 Cast: Shock             |    34 |    31 ||    65
       Repel Missiles    |     1 |       ||     1
  Use: Scroll            |     1 |       ||     1
       Potion            |       |     3 ||     3
 Stab: Sleeping          |       |     1 ||     1
  Eat: Chunk             |       |     2 ||     2
